 Dungeon Crawl Stone Soup version 0.30.0-29-ga12c61a403 (webtiles) character file.

Game seed: 9992075485609814917

73 Cheops the Digger (level 4, -4/35 HPs)
             Began as an Armataur Earth Elementalist on June 21, 2023.
             Slain by a gnoll
             ... wielding a +0 flail
              (5 damage)
             ... on level 2 of the Dungeon.
             The game lasted 00:03:03 (1763 turns).

Cheops the Digger (Armataur Earth Elementalist)     Turns: 1763, Time: 00:03:03

Health: -4/35      AC:  4    Str: 13    XL:     4   Next: 8%
Magic:  0/7        EV:  9    Int: 17    God:
Gold:   91         SH:  0    Dex: 11    Spells: 1/7 levels left

rFire   . . .        a - +0 dagger
rCold   + . .        (no shield)
rNeg    . . .        c - +0 robe
rPois   .            (no helmet)
rElec   .            (no cloak)
rCorr   .            (no gloves)
SInv    .            (no barding)
Will    .....        (no amulet)
Stlth   ++           i - ring of protection from cold
HPRegen 0.25/turn    (no ring)
MPRegen 0.10/turn

%: roll
@: very slightly contaminated
A: large, rugged brown scales 3, deformed body, armoured tail, roll, long
tongue, awkward tongue
a: no special abilities


You were on level 2 of the Dungeon.
You visited 1 branch of the dungeon, and saw 2 of its levels.

You collected 91 gold pieces.

Inventory:

Hand Weapons
 a - a +0 dagger (weapon)
Armour
 c - a +0 robe (worn)
Jewellery
 i - a ring of protection from cold (left hand)
Scrolls
 f - a scroll of fog {unknown}
 g - a scroll of identify {unknown}
 j - 2 scrolls of acquirement {unknown}
 k - 2 scrolls of noise {unknown}
 l - 2 scrolls of amnesia {unknown}
 m - a scroll of magic mapping {unknown}
Potions
 b - 2 potions of magic
 e - 2 potions of attraction {unknown}
 h - 2 potions of lignification {unknown}


   Skills:
 - Level 1.3 Dodging
 + Level 3.3 Stealth
 - Level 2.0 Spellcasting
 - Level 0.8 Transmutations
 * Level 3.9 Earth Magic


You had one spell level left.
You knew the following spells:

 Your Spells              Type           Power      Damage    Failure   Level
a - Sandblast             Erth           30%        2d9       3%          1
b - Stone Arrow           Conj/Erth      16%        3d8       26%         3
P - Passwall              Tmut/Erth      7%         N/A       11%         2

Your spell library contained the following spells:

 Spells                   Type           Power      Damage    Failure   Level
 Slow                     Hex            4%         N/A       19%         1
 Confusing Touch          Hex            1%         N/A       50%         3
 Vampiric Draining        Necr           1%         2d6       50%         3
 Petrify                  Tmut/Erth      9%         N/A       58%         4


Dungeon Overview and Level Annotations

Branches:
Dungeon (2/15)

Altars:


Innate Abilities, Weirdness & Mutations

You are completely covered in rugged brown scales. (AC +3, +7% HP)
Armour fits poorly on your strangely shaped body.
You have a long armoured tail.
You roll when moving toward enemies. (Rampage)
Your long tongue fully drains potion bottles. (2x potion effects)
Your tongue gives you trouble enunciating. (1.5x scroll delay)


Message History

You have reached level 4!
You feel agile.
You see here a throwing net.
A gnoll comes into view. It is wielding a +0 flail.
The gnoll shouts!
The gnoll closely misses you. The gnoll attacks as you move away!
The gnoll hits you with a +0 flail.
* * * LOW HITPOINT WARNING * * *
The gnoll attacks as you move away! The gnoll closely misses you.
The gnoll attacks as you move away! The gnoll hits you with a +0 flail!
* * * LOW HITPOINT WARNING * * *
The gnoll attacks as you move away! The gnoll barely misses you.
The gnoll attacks as you move away! The gnoll hits you with a +0 flail.
* * * LOW HITPOINT WARNING * * *
The gnoll hits you but does no damage.
Casting: Sandblast (safe; 3% risk of failure)
Confirm with . or Enter, or press ? or * to list all spells.
Aiming: Passwall (safe; 11% risk of failure)
Press: ? - help, Dir - move target A rock wall.
You miscast Passwall.
You are very lightly contaminated with residual magic.
Nothing appears to happen.
The gnoll barely misses you.
The gnoll hits you from afar with a +0 spear.
* * * LOW HITPOINT WARNING * * *
Unknown command.
Casting: Passwall (safe; 11% risk of failure)
Confirm with . or Enter, or press ? or * to list all spells.
Aiming: Passwall (safe; 11% risk of failure)
Press: ? - help, Dir - move target A rock wall.
You miscast Passwall.
Nothing appears to happen.
The gnoll barely misses you. The gnoll hits you but does no damage.
The gnoll hits you from afar with a +0 spear.
* * * LOW HITPOINT WARNING * * *
The gnoll attacks as you move away! The gnoll barely misses you. x2
The gnoll attacks as you move away! The gnoll completely misses you.
The gnoll hits you from afar with a +0 spear.
* * * LOW HITPOINT WARNING * * *
The gnoll attacks as you move away! The gnoll hits you with a +0 flail.
You die...

... #.###### ....###.##
.........# .........#
##.......#####
#...........# ###########
#........##.#
#.........#####........#...
#.# #...@g..##########..(
#.# #.......# #..[ #.#
#.....g.# #... #.#
#.......# #...
#.#####.......# #...
#####.....#.......# #...
#.......#g###.##### ##.#
#.#####.#.# #.# #.#
#.###.#g#.###.# #.#


You could see 2 gnolls.

Vanquished Creatures
  5 gnolls (D:2)
  A worm (D:2)
  2 endoplasms
  2 goblins (D:1)
  3 hobgoblins
  2 kobolds
  2 quokkas (D:2)
  2 bats
  2 frilled lizards (D:2)
  5 rats
26 creatures vanquished.

Notes
Turn   | Place    | Note
-------+----------+-------------------------------------------
     0 | D:1      | Cheops the Armataur Earth Elementalist began the quest for
                  | the Orb.
     0 | D:1      | Reached XP level 1. HP: 14/14 MP: 3/3
   687 | D:1      | Reached XP level 2. HP: 21/21 MP: 3/5
  1522 | D:2      | Reached XP level 3. HP: 24/27 MP: 4/6
  1527 | D:2      | Learned a level 2 spell: Passwall
  1531 | D:2      | Learned a level 3 spell: Stone Arrow
  1720 | D:2      | Reached XP level 4. HP: 18/35 MP: 0/7
  1762 | D:2      | HP: 1/35 [gnoll/+0 spear (4)]
  1763 | D:2      | Slain by a gnoll

Illustrated notes

Levels and vault maps discovered:
D:1:      saegor_arrival_simple_a, layout_basic
D:2:      layout_basic, nicolae_underground_beach

Skill      XL: |  1  2  3 |
---------------+----------+-----
Spellcasting   | 2 |  2.0
Earth Magic    | 3 |  3.9
Stealth        | 3 |  3.3
Dodging        | |  1.3
Transmutations | |  0.8

Action                     |  1- 3 |  4- 6 || total
---------------------------+-------+-------++-------
   Cast: Sandblast         |    45 |       ||    45
    Use: Potion            |     1 |       ||     1
 Armour: Robe              |     1 |     2 ||     3
  Dodge: Dodged            |     4 |     8 ||    12
